 Dungeon Crawl Stone Soup version 0.31-a0-232-gb1c03b2570 (webtiles) character file.

Game seed: 4694682220584313215

2477 chud the Caller (level 9, -2/68 HPs)
             Began as a Human Wanderer on July 7, 2023.
             Was an Initiate of Gozag.
             Killed from afar by an oklob plant (33 damage)
             ... with a splash of acid
             ... created by the enmity of Fedhas Madash
             ... on level 7 of the Dungeon.
             The game lasted 01:05:49 (10042 turns).

chud the Caller (Human Wanderer)                   Turns: 10042, Time: 01:05:49

Health: -2/68      AC:  6    Str: 13    XL:     9   Next: 80%
Magic:  7/12       EV: 12    Int: 12    God:    Gozag
Gold:   229        SH:  4    Dex: 12    Spells: 0/12 levels left

rFire   + . .        l - +5 spear of Myhemat {speed, rF+ rC++ rN+ Int-5}
rCold   + + .        E - +0 buckler
rNeg    + + .        A - +2 ring mail "Maom" {+Inv rN+}
rPois   +            k - +2 helmet
rElec   .            (no cloak)
rCorr   .            (no gloves)
SInv    .            (no boots)
Will    .....        (no amulet)
Stlth   +            n - ring of poison resistance
HPRegen 0.31/turn    i - +4 ring of protection
MPRegen 0.13/turn

%: no passive effects
@: corroded
A: no striking features
a: Renounce Religion, Evoke Invisibility, Potion Petition, Call Merchant, Bribe
Branch


You were on level 7 of the Dungeon.
You worshipped Gozag.
Gozag was aware of your devotion.
You visited 2 branches of the dungeon, and saw 8 of its levels.

You collected 329 gold pieces.
You paid 100 gold pieces to Gozag.

Inventory:

Hand Weapons
 l - the +5 spear of Myhemat (weapon) {speed, rF+ rC++ rN+ Int-5}
   (You found it on level 2 of the Dungeon)

   Int:       It affects your intelligence (-5).
   rF:        It protects you from fire.
   rC:        It greatly protects you from cold.
   rN:        It protects you from negative energy.
 D - a +2 trident of freezing
 G - the +10 dagger of Zosarchid {pain, rElec rF+}
   (You found it on level 7 of the Dungeon)

   rF:        It protects you from fire.
   rElec:     It insulates you from electricity.
 H - a +5 halberd
Missiles
 d - 3 curare-tipped darts (quivered)
 m - 13 poisoned darts
Armour
 c - a +0 robe
 k - a +2 helmet (worn)
 A - the +2 ring mail "Maom" (worn) {+Inv rN+}
   (You found it on level 5 of the Dungeon)

   rN:        It protects you from negative energy.
   +Inv:      It lets you turn invisible.
 E - a +0 buckler (worn)
Jewellery
 i - a +4 ring of protection (right hand)
 n - a ring of poison resistance (left hand)
 u - a +4 ring of slaying
 C - a +6 ring of strength
Wands
 y - a wand of flame (6)
 F - a wand of polymorph (3)
 I - a wand of paralysis (3)
Scrolls
 a - 3 scrolls of amnesia
 b - a scroll of silence {unknown}
 f - a scroll of immolation {unknown}
 g - a scroll of poison {unknown}
 h - 3 scrolls of teleportation
 j - a scroll of brand weapon
 q - 3 scrolls of enchant armour
 w - 2 scrolls of fear {unknown}
 x - a scroll of revelation {unknown}
 z - 2 scrolls of fog {unknown}
 B - a scroll of summoning {unknown}
Potions
 e - a potion of degeneration {unknown}
 o - 4 potions of curing
 p - a potion of haste {unknown}
 r - a potion of berserk rage {unknown}
 t - a potion of heal wounds {unknown}
 v - 2 potions of brilliance {unknown}
Miscellaneous
 s - a phantom mirror


   Skills:
 + Level 5.4 Fighting
 + Level 3.1 Polearms
 - Level 2.0 Throwing
 * Level 1.3 Armour
 - Level 6.0 Dodging
 - Level 2.0 Stealth
 * Level 1.7 Shields
 - Level 2.0 Spellcasting
 - Level 3.0 Hexes
 + Level 7.6 Summonings
 * Level 2.4 Translocations
 - Level 1.0 Evocations


You couldn't memorise any spells.
You knew the following spells:

 Your Spells              Type           Power      Damage    Failure   Level
a - Slow                  Hex            32%        N/A       24%         1
b - Call Canine Familiar  Summ           19%        N/A       11%         3
c - Summon Forest         Summ/Tloc      6%         N/A       96%         5
d - Summon Guardian Gole  Hex/Summ       14%        N/A       26%         3

Your spell library contained the following spells:

 Spells                   Type           Power      Damage    Failure   Level
 Summon Small Mammal      Summ           76%        N/A       3%          1
 Apportation              Tloc           14%        N/A       30%         1
 Tukima's Dance           Hex            8%         N/A       56%         3
 Necrotise                Necr           4%         1d4       63%         1
 Portal Projectile        Hex/Tloc       14%        N/A       63%         3
 Vampiric Draining        Necr           1%         2d6       94%         3
 Agony                    Necr           1%         N/A       100%        5
 Yara's Violent Unravell  Hex/Tmut       2%         3d3       100%        5
 Eringya's Noxious Bog    Tmut/Pois      0%         4d6       100%        6


Dungeon Overview and Level Annotations

Branches:
Dungeon (7/15)             Temple (1/1) D:7

Altars:
Ashenzari
Elyvilon
Fedhas
Gozag
Kikubaaqudgha
Makhleb
Nemelex Xobeh
Ru
Trog
Uskayaw
Vehumet
Wu Jian
Xom
Zin
The Shining One

Shops:
D:2 ?   D:4 ([*

Annotations:
D:6 3 runed translucent doors, Dittersdorf's ghost, novice GrFi; IYTBazzie's ghost, novice AtHs; Newt's ghost, novice KoHu; Rudyous's ghost, amateur DsNe
D:7 exclusion: oklob plant


Message History

HP restored.
Casting: Call Canine Familiar (dangerous; 11% risk of failure)
Confirm with . or Enter, or press ? or * to list all spells.
Casting: Call Canine Familiar (dangerous; 11% risk of failure)
Confirm with . or Enter, or press ? or * to list all spells.
A guardian golem appears, shielding your allies.
Really walk into a travel-excluded area?
What are your orders? t - Shout!
Orders for allies: a - Attack new target. r - Retreat! s - Stop attacking. g - Guard the area. f - Follow me.
Anything else - Cancel.
Gang up on whom?
Press: ? - help, Dir - move target, f - oklob plant
Aim: an oklob plant (durably summoned) Attack!
The oklob plant spits acid at you.
The splash of acid hits your guardian golem!
The acid corrodes your guardian golem! The oklob plant spits acid at you.
The splash of acid hits your hound!! The acid corrodes your hound!
Your guardian golem overheats!
The oklob plant spits acid at you. The splash of acid hits you!!
The acid corrodes you! The oklob plant spits acid at you.
The splash of acid hits you!! The acid corrodes you!
The oklob plant spits acid at you.
The splash of acid hits your guardian golem!!
Your guardian golem disappears in a puff of smoke!
Your guardian golem explodes!
The fiery explosion engulfs the oklob plant!
The fiery explosion engulfs your hound!!!
Your hound dies!
Your hound's corpse disappears in a puff of smoke!
The oklob plant is engulfed in blazing flames.
The oklob plant spits acid at you. The splash of acid hits you!!
You die...
Your body crumbles into a pile of gold.

########
#####......####################
....'......'.....#.......f.....
....#......#....@'.............
....#......#.)...#......ff.....
#...#..^...#.....#...§§§..)....
#####......#.....###.§§P.######
#...#.....##.....###########
....'.....#................#
....#.....#................#
....#.....'................#
#...#.....#................#


You could see an oklob plant.

Vanquished Creatures
  3 wandering mushrooms (D:7)
  Sigmund (D:3)
  2 steam dragons (D:5)
  A water moccasin (D:7)
  An ice beast (D:6)
  A centaur (D:7)
  2 ogres
  3 phantoms
  A kobold brigand (D:7)
  2 bullfrogs
  3 nameless horrors
  A necrophage (D:7)
  2 scorpions
  2 wights (D:7)
  A howler monkey (D:4)
  2 hounds
  A jelly (D:4)
  An orc priest (D:5)
  5 iguanas
  A centaur simulacrum (D:7)
  A gnoll (D:3)
  A howler monkey skeleton (D:7)
  5 adders
  A white imp (D:7)
  2 ufetubi
  A worm (D:6)
  A dart slug (D:4)
  6 orcs
  5 bats
  7 endoplasms
  2 giant cockroaches
  12 goblins
  11 hobgoblins
  6 jackals (D:3)
  6 quokkas
  3 ball pythons
  4 frilled lizards (D:1)
  12 kobolds
  24 rats
146 creatures vanquished.

Vanquished Creatures (collateral kills)
  A wandering mushroom (D:7)
  A shadow (D:7)
  A sky beast (D:6)
  2 wights (D:7)
  A hound (D:6)
  An orc wizard (D:6)
  A killer bee zombie (D:7)
  A killer bee simulacrum (D:7)
  An adder (D:4)
  3 orcs
  A hobgoblin (D:3)
  3 kobolds (D:7)
  A frilled lizard (D:3)
18 creatures vanquished.

Vanquished Creatures (others)
  2 oklob plants (D:7)
2 creatures vanquished.

Grand Total: 166 creatures vanquished

Notes
Turn   | Place    | Note
-------+----------+-------------------------------------------
     0 | D:1      | chud the Human Wanderer began the quest for the Orb.
     0 | D:1      | chud set off with the following items: a +0 club, a potion
                  | of attraction, a +0 robe, a +0 helmet; and the following
                  | spells available to memorise: Slow, Apportation, Tukima's
                  | Dance, Portal Projectile.
     0 | D:1      | Reached XP level 1. HP: 13/13 MP: 2/2
    77 | D:1      | Learned a level 1 spell: Slow
   141 | D:1      | Found a faded altar of an unknown god.
   147 | D:1      | Reached XP level 2. HP: 16/20 MP: 0/3
   233 | D:1      | Prayed at the altar of an unknown god.
   233 | D:1      | Became a worshipper of Fedhas Madash
   233 | D:1      | Reached * piety under Fedhas
   483 | D:1      | Got the Encyclopedia of the Different Union
   648 | D:1      | Reached XP level 3. HP: 25/25 MP: 2/5
   884 | D:1      | Reached skill level 1 in Fighting
  1068 | D:1      | Reached ** piety under Fedhas
  1219 | D:2      | Learned a level 3 spell: Call Canine Familiar
  1870 | D:2      | Identified the +5 spear of Myhemat {speed, rF+ rC++ rN+
                  | Int-5}
  2149 | D:2      | Found Ogodus's Magic Scroll Shoppe.
  2361 | D:3      | Reached XP level 4. HP: 32/32 MP: 3/6
  2500 | D:3      | Reached skill level 1 in Summonings
  2504 | D:3      | Reached skill level 1 in Stealth
  2587 | D:3      | Noticed Sigmund
  2918 | D:3      | Killed Sigmund
  2919 | D:3      | Reached skill level 3 in Summonings
  2919 | D:3      | Reached XP level 5. HP: 27/38 MP: 8/8
  2919 | D:3      | Reached XP level 6. HP: 32/44 MP: 9/9
  3028 | D:3      | Noticed an ogre
  3088 | D:3      | Reached *** piety under Fedhas
  3168 | D:3      | Learned a level 5 spell: Summon Forest
  3272 | D:3      | Killed an ogre
  3360 | D:3      | Reached XP level 7. HP: 51/51 MP: 5/10
  3556 | D:4      | Found Yffedeo Kiso's General Store.
  3754 | D:4      | Noticed a nameless horror
  3767 | D:4      | Killed a nameless horror
  3951 | D:4      | Found Moan's Weapon Shoppe.
  4001 | D:4      | Reached skill level 4 in Summonings
  4077 | D:4      | Found Tyihylog's Antique Armour Shoppe.
  4339 | D:4      | You fall into a shaft and drop 2 floors!
  4438 | D:5      | Entered Level 5 of the Dungeon
  4482 | D:5      | Identified the +2 ring mail "Maom" {+Inv rN+}
  4546 | D:5      | Found a hide-covered altar of Uskayaw.
  4743 | D:4      | Found a burning altar of Makhleb.
  5230 | D:4      | Reached **** piety under Fedhas
  5414 | D:5      | Reached skill level 5 in Summonings
  5414 | D:5      | Reached XP level 8. HP: 25/58 MP: 3/11
  5600 | D:5      | Found a blossoming altar of Fedhas.
  5711 | D:5      | Found a white marble altar of Elyvilon.
  6188 | D:5      | Reached skill level 5 in Dodging
  6188 | D:5      | Reached skill level 6 in Summonings
  6555 | D:6      | Found a runed translucent gate.
  6555 | D:6      | Found a runed translucent gate.
  6555 | D:6      | Found a runed translucent gate.
  6556 | D:6      | Noticed Dittersdorf's ghost (novice GrFi)
  6556 | D:6      | Noticed Rudyous's ghost (amateur DsNe)
  6610 | D:6      | Found a sacrificial altar of Ru.
  6730 | D:6      | Noticed IYTBazzie's ghost (novice AtHs)
  6730 | D:6      | Noticed Newt's ghost (novice KoHu)
  6766 | D:6      | Reached skill level 1 in Polearms
  6863 | D:6      | Reached XP level 9. HP: 66/66 MP: 8/12
  6867 | D:6      | Reached ***** piety under Fedhas
  7379 | D:7      | Reached skill level 7 in Summonings
  7393 | D:7      | Reached skill level 5 in Fighting
  7922 | D:7      | Found a staircase to the Ecumenical Temple.
  7929 | Temple   | Entered the Ecumenical Temple
  8162 | Temple   | Fell from the grace of Fedhas
  8162 | Temple   | Became a worshipper of Gozag Ym Sagoz the Greedy
  8721 | D:7      | Reached skill level 1 in Shields
  8832 | D:7      | Identified the +10 dagger of Zosarchid {pain, rElec rF+}
  8911 | D:7      | Reached skill level 1 in Armour
  8925 | D:7      | Found a broken altar of Ashenzari.
  9176 | D:7      | Noticed a wandering mushroom
  9176 | D:7      | Noticed a wandering mushroom
  9176 | D:7      | Noticed an oklob plant
  9176 | D:7      | Noticed an oklob plant
  9176 | D:7      | Noticed a wandering mushroom
  9176 | D:7      | Noticed a wandering mushroom
  9176 | D:7      | Noticed an oklob plant
  9572 | D:7      | Learned a level 3 spell: Summon Guardian Golem
  9719 | D:7      | Killed an oklob plant
  9936 | D:7      | Killed an oklob plant
 10042 | D:7      | Killed from afar by an oklob plant

Illustrated notes

Levels and vault maps discovered:
D:1:      mushboom_english_gardens, layout_basic, basic_ecumenical_altar,
          minmay_pentomino_s2
D:2:      layout_basic, serial_shops, nicolae_shop_rolled_up,
          grunt_decor_resistance
D:3:      minmay_octagon_keep, layout_loops_cross, kennysheep_crisscross,
          chequers_serial_rivers_small_a, dk_vineyard_3, uniq_sigmund
D:4:      layout_basic, general_overflow_altar, serial_shops,
          nicolae_take_the_stairs, nicolae_shop_bloodbath_and_beyond,
          nicolae_shop_statue_plus, amcnicky_mini_pool_small,
          kennysheep_small_spiral, minivault_19, minmay_rat_hole
D:5:      kennysheep_steamy, layout_basic,
          nicolae_uskayaw_murder_on_the_dancefloor, kennysheep_mini,
          nicolae_elyvilon_peaceful_grove, solitary_fountain
D:6:      minmay_inner_zag, layout_cave_pools, nicolae_overflow_hidden_temple,
          gup_sewer_entry_spiral, gammafunk_ghost_cemetery,
          hangedman_abyss_or_decor_stagger
D:7:      layout_gridville, mainiacjoe_overflow_small_starburst,
          minmay_temple_entry_junction, dilly_guarded_unrand_morg
Temple:   compressed_dpeg_triangle_lava_temple

Skill      XL: |  1  2  3  4  5  6  7  8  9 |
---------------+----------------------------+-----
Fighting       | 1 2 3 4 5 |  5.4
Summonings     | 3 5 6 7 |  7.6
Stealth        | 2 |  2.0
Spellcasting   | 2 |  2.0
Dodging        | 3 4 5 6 |  6.0
Translocations | 2 |  2.4
Polearms       | 1 3 |  3.1
Shields        | 1 |  1.7
Armour         | 1 |  1.3
Throwing       | |  2.0
Hexes          | |  3.0
Evocations     | |  1.0

Action                     |  1- 3 |  4- 6 |  7- 9 || total
---------------------------+-------+-------+-------++-------
  Melee: Club              |    18 |       |       ||    18
         Dagger            |   170 |       |       ||   170
         Punch             |     2 |       |       ||     2
         Spear             |    21 |    73 |   351 ||   445
  Throw: Dart              |       |       |     2 ||     2
   Cast: Slow              |    64 |    18 |    20 ||   102
         Call Canine Famil |       |     2 |    56 ||    58
         Summon Guardian G |       |       |     5 ||     5
    Use: Scroll            |     3 |       |     5 ||     8
         Potion            |     2 |       |       ||     2
   Stab: Sleeping          |     1 |     1 |     1 ||     3
         Distracted        |       |       |     5 ||     5
 Armour: Robe              |    56 |    11 |    32 ||    99
         Ring mail         |       |       |     4 ||     4
  Dodge: Dodged            |   144 |    11 |    91 ||   246
  Block: Buckler           |       |       |     3 ||     3

Table legend: (Time is in decaauts)
 A = Elapsed time spent in this place.
 B = Non-inter-level travel time spent in this place.
 C = Inter-level travel time spent in this place.
 D = Time resting spent in this place.
 E = Time spent auto-exploring this place.
 F = Levels seen in this place.
 G = Mean time per level.
                   A        B        C        D        E       F      G
               +--------+--------+--------+--------+--------+-----+--------+
         Total |   9949 |   9385 |    564 |   1630 |   3989 |   8 | 1243.6 |
       Dungeon |   9216 |   8652 |    564 |   1325 |   3795 |   7 | 1316.6 |
        Temple |    733 |    733 |      0 |    305 |    194 |   1 |  733.0 |
               +--------+--------+--------+--------+--------+-----+--------+

Top non-repeatable levels by time:
     D:7: 1872 daAuts
     D:4: 1534 daAuts
     D:3: 1254 daAuts
     D:1: 1211 daAuts
     D:5: 1202 daAuts
     D:6: 1100 daAuts
     D:2: 1040 daAuts
  Temple: 733 daAuts
